 Dungeon Crawl Stone Soup version 0.30.1 (webtiles) character file.

Game seed: 11317427237320463734

11538 Peloso the Protected (level 11, -1/97 HPs)
             Began as a Minotaur Fighter on July 8, 2023.
             Was a High Priest of Okawaru.
             Slain by a wyvern (15 damage)
             ... on level 10 of the Dungeon.
             The game lasted 00:19:01 (10004 turns).

Peloso the Protected (Minotaur Fighter)            Turns: 10004, Time: 00:19:01

Health: -1/97      AC: 11    Str: 31    XL:     11   Next: 50%
Magic:  11/11      EV: 12    Int:  5    God:    Okawaru [*****.]
Gold:   580        SH: 10    Dex: 11    Spells: 10/10 levels left

rFire   . . .        a - +2 falchion (freeze)
rCold   . . .        d - +0 kite shield
rNeg    . . .        t - +0 ring mail "Tukeekil" {*Corrode rElec Regen+ Str+7}
rPois   .            (helmet restricted)
rElec   +            D - +0 cloak
rCorr   .            (no gloves)
SInv    .            k - +1 pair of boots
Will    +....        (no amulet)
Stlth   +            r - ring of flight
HPRegen 1.16/turn    K - ring of willpower
MPRegen 0.12/turn

%: corrode self (3%)
@: flying
A: horns 2, retaliatory headbutt
a: Renounce Religion, Heroism, Finesse, Duel


You were on level 10 of the Dungeon.
You worshipped Okawaru.
Okawaru was extremely pleased with you.
You visited 2 branches of the dungeon, and saw 11 of its levels.

You collected 685 gold pieces.
You spent 105 gold pieces at shops.

Inventory:

Hand Weapons
 a - a +2 falchion of freezing (weapon)
 b - the +4 dagger of Equilibrium {flame, Str+3 Int+5 Stlth+}
   (You found it on level 6 of the Dungeon)

   Str:       It affects your strength (+3).
   Int:       It affects your intelligence (+5).
   Stlth:     It makes you more stealthy.
 c - the +1 mace of Capital Punishment {vamp, rPois rC+ rCorr Int-4}
   (You found it on level 3 of the Dungeon)

   Int:       It affects your intelligence (-4).
   rC:        It protects you from cold.
   rPois:     It protects you from poison.
   rCorr:     It protects you from acid and corrosion.
Armour
 d - a +0 kite shield (worn)
 k - a +1 pair of boots (worn)
 p - the +3 scale mail of the Chupacabra {+Inv rC- Will++ Str+3}
   (Okawaru gifted it to you on level 9 of the Dungeon)

   Str:       It affects your strength (+3).
   rC:        It makes you vulnerable to cold.
   +Inv:      It lets you turn invisible.
   Will:      It greatly increases your willpower.
 t - the +0 ring mail "Tukeekil" (worn) {*Corrode rElec Regen+ Str+7}
   (You found it on level 9 of the Dungeon)

   Str:       It affects your strength (+7).
   rElec:     It insulates you from electricity.
   Regen:     It increases your rate of health regeneration.
   *Corrode:  It may corrode you when you take damage.
 D - a +0 cloak (worn)
Jewellery
 f - a ring of positive energy
 r - a ring of flight (left hand)
 A - a +6 ring of intelligence
 K - a ring of willpower (right hand)
 L - an amulet of magic regeneration
Wands
 C - a wand of flame (23)
 H - a wand of roots (4)
 I - a wand of digging (5)
Scrolls
 e - 3 scrolls of blinking {unknown}
 h - a scroll of amnesia {unknown}
 l - 2 scrolls of brand weapon {unknown}
 m - 6 scrolls of teleportation {unknown}
 n - 2 scrolls of enchant armour {unknown}
 o - 2 scrolls of fear {unknown}
 q - 2 scrolls of immolation {unknown}
 u - 2 scrolls of torment {unknown}
 v - 2 scrolls of fog {unknown}
 w - a scroll of summoning {unknown}
 y - 2 scrolls of vulnerability {unknown}
 B - 6 scrolls of poison {unknown}
 G - 3 scrolls of magic mapping
 J - a scroll of identify
 M - a scroll of enchant weapon {unknown}
 N - a scroll of noise {unknown}
Potions
 g - 7 potions of curing
 i - a potion of might
 j - 2 potions of flight
 s - 3 potions of haste
 x - a potion of cancellation
 z - a potion of invisibility
 E - 2 potions of magic
 F - 2 potions of resistance


   Skills:
 + Level 9.2 Fighting
 + Level 7.6 Long Blades
 + Level 10.7 Maces & Flails
 + Level 11.8 Armour
 + Level 5.3 Dodging
 + Level 1.4 Stealth
 + Level 9.5 Shields
 + Level 1.4 Invocations


You had 10 spell levels left.
You didn't know any spells.
Your spell library contained the following spells:

 Spells                   Type           Power      Damage    Failure   Level
 Magic Dart               Conj           0%         1d3       73%         1
 Lesser Beckoning         Tloc           0%         N/A       86%         2
 Gell's Gravitas          Tloc           0%         N/A       97%         3
 Mephitic Cloud           Conj/Pois/Air  0%         N/A       97%         3
 Teleport Other           Tloc           0%         N/A       97%         3
 Dispersal                Tloc           0%         N/A       100%        6
 Call Imp                 Summ           Unusable   N/A       N/A         2

Dungeon Overview and Level Annotations

Branches:
Dungeon (10/15)            Temple (1/1) D:4            Lair (0/5) D:8
    Orc (0/2) D:10

Altars:
Ashenzari
Cheibriados
Dithmenos
Elyvilon
Fedhas
Gozag
Hepliaklqana
Kikubaaqudgha
Makhleb
Nemelex Xobeh
Okawaru
Qazlal
Ru
Sif Muna
Trog
Uskayaw
Vehumet
Wu Jian
Xom
Yredelemnul
Zin
The Shining One

Shops:
D:3 =   D:6 ?


Innate Abilities, Weirdness & Mutations

You have a pair of horns on your head.
You reflexively headbutt those who attack you in melee.


Message History

The centaur wields a +0 shortbow.
The centaur shoots an arrow.
You block the arrow. You block the orc priest's attack.
The wyvern closely misses you.
The centaur shoots an arrow.
The arrow hits you!
You slash the orc priest! You freeze the orc priest.
Your headbutt misses the orc priest.
The orc priest is almost dead.
You block the wyvern's attack.
The centaur shoots an arrow.
The arrow hits you. The wyvern bites you!
You hit the orc warrior. You freeze the orc warrior.
Your headbutt misses the orc warrior.
The orc warrior is moderately wounded.
The centaur shoots an arrow.
The arrow hits you!
The orc priest hits you from afar with a +1 trident of holy wrath.
The wyvern bites you!
* * * LOW HITPOINT WARNING * * *
The wyvern barely misses you. You furiously retaliate!
You headbutt the wyvern.
The wyvern bites you but does no damage.
The orc attacks as you move away! The orc hits you but does no damage.
The centaur shoots an arrow.
The arrow hits you but does no damage.
The orc priest looks encouraged for a moment.
The wyvern bites you!
* * * LOW HITPOINT WARNING * * *
You block the wyvern's attack.
The orc warrior attacks as you move away!
The orc warrior closely misses you. You furiously retaliate!
You headbutt the orc warrior. The wyvern attacks as you move away!
The wyvern bites you but does no damage.
The orc attacks as you move away! The orc hits you with a +0 flail.
* * * LOW HITPOINT WARNING * * *
Found an escape hatch in the ceiling.
The orc priest looks braver for a moment.
The wyvern barely misses you. The wyvern attacks as you move away!
The wyvern barely misses you. The orc hits you but does no damage.
You block the orc warrior's attack.
The orc priest mumbles some strange prayers to Beogh against you.
Beogh smites you!
* * * LOW HITPOINT WARNING * * *
The orc attacks as you move away! You block the orc's attack.
The wyvern bites you!
You die...

### ##.## ######...##
.##. #....#....## ......
#..........###......#
#.....@.....#.......###
##....l..........[...#.
##..oo.##.......#...#.
.....c#...........##....
#....#.#..........##.....
.........o...............
..........)).............
..........##....#.###....
..............##### ###.#


You could see an orc warrior, a wyvern, a centaur, an orc priest and an orc.

Vanquished Creatures
  4 two-headed ogres
  Pikel (D:7)
  A rime drake (D:8)
  2 trolls (D:6)
  A hornet (D:9)
  Prince Ribbit (D:5)
  Sigmund (D:4)
  14 yaks
  A vampire (D:6)
  A wraith (D:10)
  A wyvern (D:8)
  Grum (D:8)
  Eustachio (D:5)
  A steam dragon (D:9)
  Edmund (D:5)
  An orc warrior (D:9)
  7 ice beasts
  2 black bears
  6 ogres
  4 wolves
  2 phantoms (D:6)
  A lemure (D:7)
  10 bullfrogs
  A gnoll sergeant (D:6)
  3 scorpions
  10 wights
  6 killer bees (D:7)
  2 howler monkeys (D:6)
  5 crimson imps (D:8)
  A jelly (D:6)
  A hound (D:4)
  3 orc priests
  Crazy Yiuf (D:5)
  3 sleepcaps (D:6)
  Jessica (D:2)
  4 iguanas
  4 orc wizards
  Natasha (twice) (D:3)
  A scorpion zombie (D:3)
  3 gnolls (D:6)
  7 adders
  2 shadow imps (D:6)
  2 white imps
  3 worms
  An adder skeleton (D:3)
  18 orcs
  3 endoplasms
  4 giant cockroaches
  4 goblins
  5 hobgoblins
  6 jackals (D:4)
  A quokka (D:2)
  5 ball pythons
  5 bats
  4 frilled lizards
  6 kobolds
  2 quokka skeletons (D:3)
  2 rats (D:1)
196 creatures vanquished.

Notes
Turn   | Place    | Note
-------+----------+-------------------------------------------
     0 | D:1      | Peloso the Minotaur Fighter began the quest for the Orb.
     0 | D:1      | Reached XP level 1. HP: 19/19 MP: 0/0
   361 | D:1      | Reached XP level 2. HP: 27/27 MP: 1/1
  1023 | D:2      | Noticed Jessica
  1037 | D:2      | Killed Jessica
  1038 | D:2      | Reached skill level 4 in Armour
  1038 | D:2      | Reached XP level 3. HP: 23/33 MP: 2/2
  1787 | D:3      | Found an ancient bone altar of Kikubaaqudgha.
  1875 | D:3      | Found a white marble altar of Elyvilon.
  2050 | D:3      | Reached XP level 4. HP: 38/40 MP: 3/3
  2161 | D:3      | Identified the +1 mace of Capital Punishment {vamp, rPois
                  | rC+ rCorr Int-4}
  2261 | D:3      | Found a stormy altar of Qazlal.
  2381 | D:3      | Found Aloall's Jewellery Boutique.
  2386 | D:3      | Noticed Natasha
  2393 | D:3      | Killed Natasha
  2554 | D:3      | Noticed Natasha
  2558 | D:3      | Killed Natasha
  2559 | D:3      | Reached skill level 5 in Armour
  2559 | D:3      | Reached XP level 5. HP: 47/47 MP: 4/4
  2666 | D:4      | Noticed a black bear
  2673 | D:4      | Killed a black bear
  2674 | D:4      | Reached skill level 1 in Maces & Flails
  2674 | D:4      | Reached skill level 1 in Dodging
  2700 | D:4      | Reached XP level 6. HP: 53/53 MP: 5/5
  3085 | D:4      | Found a staircase to the Ecumenical Temple.
  3102 | D:4      | Reached skill level 6 in Armour
  3108 | Temple   | Entered the Ecumenical Temple
  3125 | Temple   | Became a worshipper of Warmaster Okawaru
  3226 | D:4      | Noticed Sigmund
  3257 | D:4      | Killed Sigmund
  3258 | D:4      | Reached skill level 5 in Fighting
  3258 | D:4      | Reached XP level 7. HP: 16/61 MP: 6/6
  3457 | D:5      | Entered Level 5 of the Dungeon
  3457 | D:5      | Noticed Edmund
  3485 | D:5      | Killed Edmund
  3485 | D:5      | Reached * piety under Okawaru
  3633 | D:5      | Reached skill level 7 in Armour
  3919 | D:5      | Reached XP level 8. HP: 63/70 MP: 7/7
  3980 | D:5      | Reached skill level 5 in Maces & Flails
  4024 | D:5      | Reached skill level 5 in Shields
  4081 | D:5      | Noticed Eustachio
  4081 | D:5      | Noticed Prince Ribbit
  4109 | D:5      | Killed Eustachio
  4122 | D:5      | Killed Prince Ribbit
  4168 | D:5      | Found a runed translucent door.
  4169 | D:5      | Noticed Crazy Yiuf
  4207 | D:5      | Reached ** piety under Okawaru
  4374 | D:5      | Killed Crazy Yiuf
  4429 | D:6      | Reached skill level 8 in Armour
  4429 | D:6      | Reached skill level 1 in Stealth
  4640 | D:6      | Found Fuastro's Magic Scroll Shop.
  4647 | D:6      | Bought a scroll of magic mapping for 105 gold pieces
  4730 | D:6      | Noticed a troll
  4739 | D:6      | Killed a troll
  4740 | D:6      | Reached XP level 9. HP: 66/78 MP: 8/8
  5350 | D:6      | Reached skill level 9 in Armour
  5399 | D:6      | Noticed a troll
  5417 | D:6      | Killed a troll
  5427 | D:6      | Identified the +4 dagger of Equilibrium {flame, Str+3 Int+5
                  | Stlth+}
  5688 | D:6      | Reached *** piety under Okawaru
  5689 | D:6      | Reached skill level 10 in Armour
  6185 | D:7      | Found a hazy altar of Hepliaklqana.
  6316 | D:7      | Found an opulent altar of Gozag.
  6372 | D:7      | Found a glowing silver altar of Zin.
  6474 | D:7      | Found a broken altar of Ashenzari.
  6508 | D:7      | Reached XP level 10. HP: 71/86 MP: 9/9
  6673 | D:7      | Noticed Pikel
  6694 | D:7      | Killed Pikel
  6694 | D:7      | Reached **** piety under Okawaru
  7123 | D:8      | Noticed Grum
  7136 | D:8      | Killed Grum
  7137 | D:8      | Reached skill level 10 in Maces & Flails
  7137 | D:8      | Reached skill level 11 in Armour
  7317 | D:8      | Found a staircase to the Lair.
  7339 | D:8      | Found a hide-covered altar of Uskayaw.
  7341 | D:8      | Noticed a +0 hand axe
  7341 | D:8      | Noticed a +0 dagger
  7390 | D:8      | Identified the -1 cloak of Jeuskibb {rPois rF- Str+2}
  7490 | D:8      | Found a shimmering altar of Xom.
  7614 | D:8      | Found a burning altar of Makhleb.
  7688 | D:8      | Found a glowing golden altar of the Shining One.
  7726 | D:8      | Reached ***** piety under Okawaru
  8080 | D:9      | Reached skill level 5 in Long Blades
  8417 | D:9      | Noticed a two-headed ogre
  8426 | D:9      | Paralysed by a hornet for 1 turns
  8755 | D:9      | Reached XP level 11. HP: 94/95 MP: 10/10
  8777 | D:9      | Reached skill level 1 in Invocations
  8873 | D:9      | Killed a two-headed ogre
  8873 | D:9      | Identified the +3 scale mail of the Chupacabra {+Inv rC-
                  | Will++ Str+3} (Okawaru gifted it to you on level 9 of the
                  | Dungeon)
  8873 | D:9      | Received a gift from Okawaru
  9194 | D:9      | Noticed a two-headed ogre
  9195 | D:9      | Noticed a two-headed ogre
  9201 | D:9      | Killed a two-headed ogre
  9210 | D:9      | Killed a two-headed ogre
  9384 | D:9      | Found a sacrificial altar of Ru.
  9384 | D:9      | Found a shimmering blue altar of Sif Muna.
  9426 | D:9      | Found a basalt altar of Yredelemnul.
  9545 | D:9      | Identified the +0 ring mail "Tukeekil" {*Corrode rElec
                  | Regen+ Str+7}
  9599 | D:9      | Found an ornate altar of the Wu Jian Council.
  9716 | D:10     | Entered Level 10 of the Dungeon
  9767 | D:10     | Reached skill level 5 in Dodging
  9785 | D:10     | Noticed a two-headed ogre
  9800 | D:10     | Killed a two-headed ogre
  9989 | D:10     | Found a staircase to the Orcish Mines.
 10004 | D:10     | Slain by a wyvern

Illustrated notes

Levels and vault maps discovered:
D:1:      nicolae_arrival_memento_mori, layout_basic, glass_columns_a
D:2:      layout_basic, uniq_jessica
D:3:      layout_basic, mainiacjoe_overflow_brackets, lemuel_crystal_altar,
          lemuel_doored_altar, serial_undead, serial_undead_c, serial_undead_d,
          serial_undead_e, serial_undead_d, serial_shops, nicolae_shop_trees,
          chequers_serial_rivers_micro_e, uniq_natasha
D:4:      layout_loops_cross, minmay_temple_entry_proselytizer, uniq_sigmund
D:5:      layout_loops_cross, uniq_crazy_yiuf_cottage, uniq_eustachio,
          uniq_prince_ribbit1, uniq_edmund
D:6:      kennysheep_windowed_halls, layout_basic, serial_shops, shop,
          nicolae_elevator_lobby_plus
D:7:      layout_basic, cheibrodos_ashenzari_chains, amcnicky_altar_gilded,
          old_standard_altar, mainiacjoe_overflow_chevrons, uniq_pikel
D:8:      layout_cave_pods, led_xom_imps, dancing_weapons_uskayaw,
          mainiacjoe_overflow_surrounded_room, makhleb_grotto_becter,
          hellmonk_lair_entry_icy, uniq_grum
D:9:      layout_roguey, nicolae_overflow_hidden_temple,
          grunt_temple_overflow_open, minmay_misc_feat_five,
          minmay_misc_feat_four_crosses
D:10:     layout_cave_pools, david_orc_3
Temple:   hellmonk_temple_two_chambers

Skill      XL: |  1  2  3  4  5  6  7  8  9 10 11 |
---------------+----------------------------------+-----
Fighting       | 4 5 6 7 8 9 |  9.2
Shields        | 4 5 6 8 9 |  9.5
Long Blades    | 3 4 5 7 |  7.6
Armour         | 4 5 6 7 8 10 11 | 11.8
Maces & Flails | 1 3 4 7 9 10 | 10.7
Dodging        | 1 2 3 4 5 |  5.3
Stealth        | 1 |  1.4
Invocations    | 1 |  1.4

Action                     |  1- 3 |  4- 6 |  7- 9 | 10-12 || total
---------------------------+-------+-------+-------+-------++-------
  Melee: Long sword        |    68 |     8 |       |       ||    76
         Headbutt          |     6 |    16 |    73 |   104 ||   199
         Mace              |       |    93 |   296 |   152 ||   541
         Falchion          |       |       |       |   227 ||   227
 Invoke: Heroism           |       |       |     2 |     3 ||     5
    Use: Potion            |     1 |     3 |     2 |     2 ||     8
         Scroll            |       |       |     5 |     3 ||     8
 Armour: Scale mail        |    41 |    40 |     8 |     7 ||    96
         Chain mail        |       |       |   138 |   104 ||   242
         Ring mail         |       |       |       |    10 ||    10
  Dodge: Dodged            |    35 |    40 |   116 |   138 ||   329
  Block: Buckler           |    10 |    15 |    12 |       ||    37
         Kite shield       |       |       |   126 |   193 ||   319
